 Dungeon Crawl Stone Soup version 0.30-a0-121-gb27577e5d9 (webtiles) character file.

Game seed: 8624104714299265758

55 Essalna the Digger (level 3, -2/21 HPs)
             Began as a Gargoyle Earth Elementalist on Sept 14, 2022.
             Slain by Sigmund
             ... wielding a +0 scythe
              (7 damage)
             ... on level 2 of the Dungeon.
             The game lasted 00:02:49 (1847 turns).

Essalna the Digger (Gargoyle Earth Elementalist)    Turns: 1847, Time: 00:02:50

Health: -2/21      AC:  6    Str: 18    XL:     3   Next: 93%
Magic:  6/6        EV: 11    Int: 17    God:
Gold:   126        SH:  0    Dex: 10    Spells: 2/6 levels left

rFire   . . .      SeeInvis .    m - +7 war axe "Sizaq" {holy, rPois Str+7}
rCold   + . .      Faith    .    (no shield)
rNeg    + . .      Spirit   .    a - +0 robe
rPois   ∞          Reflect  .    (no helmet)
rElec   +          Harm     .    (no cloak)
rCorr   .          Rampage  .    (no gloves)
Will    .....                    o - +0 pair of boots
Stlth   ++........               (no amulet)
HPRegen 0.07/turn                f - ring of protection from cold
MPRegen 0.10/turn                (no ring)

@: no status effects
A: sickness immunity, AC +3, negative energy resistance 1, electricity
resistance, torment resistance 1, petrification resistance
a: no special abilities


You were on level 2 of the Dungeon.
You visited 1 branch of the dungeon, and saw 2 of its levels.

You collected 126 gold pieces.

Inventory:

Hand Weapons
 m - the +7 war axe "Sizaq" (weapon) {holy, rPois Str+7}
   (You found it on level 2 of the Dungeon)

   It has been blessed by the Shining One to cause great damage to the undead
   and demons.
   Str:       It affects your strength (+7).
   rPois:     It protects you from poison.
Armour
 a - a +0 robe (worn)
 o - a +0 pair of boots (worn)
Jewellery
 f - a ring of protection from cold (left hand)
Scrolls
 c - 2 scrolls of identify {unknown}
 d - a scroll of butterflies {unknown}
 i - a scroll of poison {unknown}
 j - a scroll of noise {unknown}
Potions
 b - a potion of magic
 e - a potion of heal wounds {unknown}
 g - a potion of lignification {unknown}
 h - a potion of curing
 k - a potion of degeneration {unknown}
 l - a potion of attraction {unknown}
 n - a potion of flight {unknown}


   Skills:
 + Level 2.3 Fighting
 - Level 1.5 Dodging
 - Level 2.1 Stealth
 - Level 2.0 Spellcasting
 + Level 1.0 Conjurations
 - Level 0.7 Transmutations
 + Level 4.6 Earth Magic


You had 2 spell levels left.
You knew the following spells:

 Your Spells              Type           Power      Damage    Failure   Level
a - Sandblast             Erth           34%        2d9       3%          1
b - Stone Arrow           Conj/Erth      22%        3d8       19%         3

Your spell library contained the following spells:

 Spells                   Type           Power      Damage    Failure   Level
 Passwall                 Tmut/Erth      8%         N/A       10%         2
 Mephitic Cloud           Conj/Pois/Air  2%         N/A       45%         3
 Ignite Poison            Fire/Tmut/Pois 2%         N/A       47%         3
 Petrify                  Tmut/Erth      10%        N/A       54%         4
 Freezing Cloud           Conj/Ice/Air   1%         6-21      99%         5


Dungeon Overview and Level Annotations

Branches:
Dungeon (2/15)

Altars:

Shops:
D:2 ?

Annotations:
D:2 Sigmund


Innate Abilities, Weirdness & Mutations

You are immune to sickness and miasma.
Your stone body is resilient. (AC +3)
You are immune to poison.
You resist negative energy. (rN+)
You are resistant to electric shocks. (rElec)
You are resistant to unholy torment.
You are immune to petrification.


Message History

Things that are here:
a +0 sling; a +0 club The kobold throws a stone.
The stone closely misses you.
Casting: Sandblast (safe; 3% risk of failure)
Confirm with . or Enter, or press ? or * to list all spells.
Aiming: Sandblast (safe; 3% risk of failure)
Press: ? - help, Shift-Dir - straight line
Okay, then.
Casting: Sandblast (safe; 3% risk of failure)
Confirm with . or Enter, or press ? or * to list all spells.
Aiming: Sandblast (safe; 3% risk of failure)
Press: ? - help, Shift-Dir - straight line The blast of sand hits something.
You hear some strange, mumbled words.
You are confused.
Something hits you.
* * * LOW HITPOINT WARNING * * *
You're too confused to cast spells.
Sorry, you're not good enough to have a special ability.
You're too confused to cast spells.
Sorry, you're not good enough to have a special ability.
You're too confused to cast spells.
You are too confused!
You are too confused!
It was a potion of curing.
You feel better.
You hear some strange, mumbled words.
You are confused.
You're too confused to move!
The kobold throws a stone.
The kobold throws a stone.
The stone hits you but does no damage. Something hits you. Something hits you.
* * * LOW HITPOINT WARNING * * *
You feel less confused.
Sigmund appears from thin air!
Reactivating autopickup.
Sigmund mumbles some strange words.
Sigmund flickers and vanishes!
Deactivating autopickup; reactivate with Ctrl-A.
Something hits you!
You die...

#..###.........#.##.##S#
#..##...###.##.#.##.##K#
#..##.#.# ##.#.#∩##.##.#
#..##...# #.#......##.#
#######..###.## ##.#.#.#####)####
.........##...###.##....####S...#
.######.....#..............K....#
.# #####...÷...#.#...#######.# .#
#..###@...##.## #.# .#
#.......#.##K########.# .#
#...##.#{.##.##.......# ##
#...###S#K##.##.#####.# ##
#...............#####.# .#
#...#####.............# .#
#...########.##.###.... .#
#..).).......##.# #### .#
#.#.###########.#


You could see a ball python and a kobold.

Vanquished Creatures
  Natasha (D:2)
  3 dart slugs
  4 endoplasms
  2 giant cockroaches
  3 hobgoblins
  A quokka (D:1)
  2 bats
  2 frilled lizards
  4 goblins
  2 kobolds (D:1)
  A rat (D:1)
25 creatures vanquished.

Vanquished Creatures (others)
  7 fungi (D:2)
  4 plants (D:2)
11 creatures vanquished.

Grand Total: 36 creatures vanquished

Notes
Turn   | Place    | Note
-------+----------+-------------------------------------------
     0 | D:1      | Essalna the Gargoyle Earth Elementalist began the quest for
                  | the Orb.
     0 | D:1      | Reached XP level 1. HP: 10/10 MP: 3/3
   425 | D:1      | Reached skill level 1 in Fighting
   475 | D:1      | Reached skill level 4 in Earth Magic
   475 | D:1      | Reached XP level 2. HP: 16/16 MP: 1/5
  1551 | D:2      | Reached XP level 3. HP: 21/21 MP: 3/6
  1556 | D:2      | Learned a level 3 spell: Stone Arrow
  1597 | D:2      | Found Zuggakk's Magic Scroll Boutique.
  1598 | D:2      | Identified the +7 war axe "Sizaq" {holy, rPois Str+7}
  1599 | D:2      | Noticed Natasha
  1603 | D:2      | Killed Natasha
  1658 | D:2      | Reached skill level 1 in Conjurations
  1810 | D:2      | Noticed Sigmund
  1847 | D:2      | Slain by Sigmund

Illustrated notes

Levels and vault maps discovered:
D:1:      dpeg_arrival_court, layout_loops_corners, minivault_5
D:2:      layout_loops_ring, dreamdust_ecumenical_altar_grove, serial_shops,
          shop, uniq_sigmund, uniq_natasha

Skill      XL: |  1  2  3 |
---------------+----------+-----
Fighting       | 1 2 |  2.3
Earth Magic    | 4 |  4.6
Conjurations   | 1 |  1.0
Dodging        | |  1.5
Stealth        | |  2.1
Spellcasting   | |  2.0
Transmutations | |  0.7

Action                   || total
-------------------------++-------
Melee: War axe           ||     6
 Cast: Sandblast         ||    39
  Use: Potion            ||     1
Armor: Robe              ||     4
Dodge: Dodged            ||    14

Table legend: (Time is in decaauts)
 A = Elapsed time spent in this place.
 B = Non-inter-level travel time spent in this place.
 C = Inter-level travel time spent in this place.
 D = Time resting spent in this place.
 E = Time spent auto-exploring this place.
 F = Levels seen in this place.
 G = Mean time per level.
                   A        B        C        D        E       F      G
               +--------+--------+--------+--------+--------+-----+--------+
         Total |   1868 |   1821 |     47 |      0 |   1603 |   2 |  934.0 |
       Dungeon |   1868 |   1821 |     47 |      0 |   1603 |   2 |  934.0 |
               +--------+--------+--------+--------+--------+-----+--------+

Top non-repeatable levels by time:
     D:1: 1491 daAuts
     D:2: 377 daAuts
